 Dungeon Crawl Stone Soup version 0.27-a0-988-g25969acef8 (webtiles) character file.

Game seed: 9223366508778564106

7207 robertstho the Cleaver (level 10, 0/91 HPs)
             Began as a Minotaur Berserker on Apr 15, 2021.
             Was an Elder of Trog.
             Slain by a freezing wraith (26 damage)
             ... on level 9 of the Dungeon.
             The game lasted 00:10:15 (9169 turns).

robertstho the Cleaver (Minotaur Berserker)         Turns: 9169, Time: 00:10:16

Health: 0/91       AC: 13    Str: 31    XL:     10   Next: 87%
Magic:  9/9        EV: 11    Int:  5    God:    Trog [****..]
Gold:   67         SH:  5    Dex: 10    Spells: 9/9 levels left

rFire    . . .     SeeInvis .   B - +2 battleaxe
rCold    . . .     Faith    .   (shield currently unavailable)
rNeg     + . .     Spirit   .   p - +0 chain mail
rPois    .         Reflect  +   (helmet restricted)
rElec    .         Harm     +   J - scarf {+Inv}
rCorr    .         Rampage  .   (no gloves)
Will     .....     NoCast   +   n - +0 pair of boots of Misanthropy {-Cast Harm Str+7}
Stlth    ..........             u - amulet of reflection
HPRegen  0.25/turn              b - ring of positive energy
MPRegen  0.11/turn              (no ring)

@: on berserk cooldown, slowed, very slow
A: horns 2, retaliatory headbutt
a: Renounce Religion, Evoke Invisibility, Berserk, Trog's Hand, Brothers in Arms


You were on level 9 of the Dungeon.
You worshipped Trog.
Trog was greatly pleased with you.
You visited 1 branch of the dungeon, and saw 9 of its levels.

You collected 285 gold pieces.
You spent 218 gold pieces at shops.

Inventory:

Hand Weapons
 a - a +0 hand axe of venom
 y - a +2 whip of electrocution
 B - a +2 battleaxe (weapon)
 I - a +0 war axe
 K - a +4 scimitar of flaming
Missiles
 D - 2 curare-tipped darts
Armour
 n - the +0 pair of boots of Misanthropy (worn) {-Cast Harm Str+7}
   (You found it on level 4 of the Dungeon)

   It affects your strength (+7).
   It prevents spellcasting.
   It increases damage dealt and taken.
 p - a +0 chain mail (worn)
 J - a scarf of invisibility (worn)
Jewellery
 b - a ring of positive energy (left hand)
 u - an amulet of reflection (around neck)
 L - a ring of flight
Wands
 s - a wand of charming (9)
 C - a wand of flame (10)
 G - a wand of iceblast (10)
Scrolls
 e - a scroll of vulnerability
 f - 2 scrolls of amnesia {unknown}
 h - 6 scrolls of noise {unknown}
 j - a scroll of enchant weapon {unknown}
 k - 2 scrolls of teleportation
 o - a scroll of summoning {unknown}
 q - 2 scrolls of holy word {unknown}
 t - a scroll of torment {unknown}
 v - a scroll of blinking {unknown}
 A - a scroll of acquirement {unknown}
 F - 2 scrolls of magic mapping
Potions
 c - a potion of flight
 d - a potion of lignification
 g - a potion of brilliance {unknown}
 i - 3 potions of heal wounds {unknown}
 l - 2 potions of attraction {unknown}
 m - 2 potions of haste
 r - 2 potions of might {unknown}
 w - a potion of curing
 x - a potion of cancellation {unknown}
 z - a potion of resistance
 E - a potion of mutation
 H - a potion of invisibility {unknown}


   Skills:
 + Level 9.1 Fighting
 + Level 13.2 Axes
 + Level 10.0 Armour
 + Level 5.5 Dodging
 + Level 3.2 Stealth
 + Level 2.9 Shields


You had 9 spell levels left.
You didn't know any spells.
Your spell library was empty.

Dungeon Overview and Level Annotations

Branches:
Dungeon (9/15)             Temple (0/1) D:6            Lair (0/6) D:8
    Orc: D:9-12

Altars:
Ashenzari
Dithmenos
Makhleb
Okawaru
Sif Muna
Zin

Shops:
D:6 *   D:7 :[*[


Innate Abilities, Weirdness & Mutations

You have a pair of horns on your head.
You reflexively headbutt those who attack you in melee.


Message History

Your Axes skill increases to level 13!
Things that are here:
a +4 flail of freezing; a +0 robe You feel a strong urge to attack something.
The tengu warrior barely misses you. You furiously retaliate!
You headbutt the tengu warrior, but do no damage.
The tengu warrior pecks you but does no damage.
The tengu warrior completely misses you.
A kobold brigand comes into view.
It is wielding a +0 short sword and quivering poisoned darts.
The kobold brigand shouts!
You slash the tengu warrior!
The tengu warrior is moderately wounded.
The tengu warrior hits you with a +0 great mace.
You block the tengu warrior's attack. The tengu warrior barely misses you.
You slice the tengu warrior!!
The tengu warrior is severely wounded.
The meliai calls down the wrath of its god upon you.
Something smites you!
The boulder beetle leaps!
You slice the tengu warrior!!
You kill the tengu warrior!
Trog accepts your kill.
A wizard comes into view. It is wielding a +0 dagger.
Your Armour skill increases to level 10!
You slice the meliai!!
You kill the meliai!
Trog accepts your kill.
Your Fighting skill increases to level 9!
You hit the freezing wraith.
The freezing wraith is lightly damaged.
You are no longer berserk.
You are exhausted.
You feel yourself slow down.
A meliai comes into view. It is wielding a +0 hand axe.
The wizard gestures at itself while chanting.
The wizard flickers and vanishes!
Deactivating autopickup; reactivate with Ctrl-A.
The boulder beetle leaps!
The freezing wraith hits you.
* * * LOW HITPOINT WARNING * * *
The freezing wraith freezes you!!
You die...

.. #.. #.. ##.
#...#### ##..#
.#...#... ###..#
........###.y#.#
........'..#.#.#
........###.@#.#
......#...###W)#
............###K.#
..............###B..
#####.#.........###..
........###.##...###
###.##..#.)........
........#.#.###....
##..(...).).....# #


You could see a boulder beetle, a freezing wraith, a kobold brigand and a
meliai.

Vanquished Creatures
  A two-headed ogre (D:8)
  Erica (D:8)
  A tengu warrior (D:9)
  Pikel (D:5)
  A kobold demonologist (D:9)
  A meliai (D:9)
  Grinder (D:5)
  3 yaks (D:8)
  2 steam dragons
  A water moccasin (D:7)
  3 orc warriors
  2 sky beasts
  A necrophage (D:6)
  2 black bears (D:6)
  2 ogres
  3 centaurs
  A lemure (D:5)
  3 phantoms
  5 kobold brigands
  2 bullfrogs (D:7)
  2 scorpions
  A wyvern zombie (D:7)
  7 killer bees
  9 wights
  A howler monkey (D:7)
  A crimson imp (D:7)
  2 centaur zombies
  2 jellies (D:7)
  4 orc priests
  2 hounds
  2 iguanas
  5 orc wizards
  A killer bee zombie (D:7)
  4 adders
  A shadow imp (D:7)
  A white imp (D:5)
  2 ufetubi (D:6)
  An adder skeleton (D:4)
  25 orcs
  7 endoplasms
  6 giant cockroaches
  4 goblins
  4 hobgoblins
  2 quokkas
  6 ball pythons
  4 bats
  3 frilled lizards
  28 kobolds
  5 rats
  A bush (D:7)
180 creatures vanquished.

Vanquished Creatures (others)
  2 kobolds (D:8)
  2 fungi (D:8)
  5 plants (D:8)
9 creatures vanquished.

Grand Total: 189 creatures vanquished

Notes
Turn   | Place    | Note
-------+----------+-------------------------------------------
     0 | D:1      | robertstho the Minotaur Berserker began the quest for the
                  | Orb.
     0 | D:1      | Reached XP level 1. HP: 19/19 MP: 0/0
   307 | D:1      | Reached skill level 4 in Axes
   307 | D:1      | Reached XP level 2. HP: 16/27 MP: 1/1
  1410 | D:2      | Reached XP level 3. HP: 25/33 MP: 2/2
  1861 | D:2      | Reached XP level 4. HP: 22/40 MP: 3/3
  2192 | D:2      | Found a faded altar of an unknown god.
  2525 | D:3      | Reached skill level 5 in Axes
  2595 | D:3      | Reached ** piety under Trog
  3001 | D:4      | Noticed an ogre
  3007 | D:4      | Killed an ogre
  3008 | D:4      | Reached skill level 1 in Stealth
  3008 | D:4      | Reached XP level 5. HP: 21/47 MP: 4/4
  3356 | D:4      | Found a shimmering blue altar of Sif Muna.
  3420 | D:4      | Identified the +0 pair of boots of Misanthropy {-Cast Harm
                  | Str+7}
  3522 | D:4      | Noticed a phantom
  3531 | D:4      | Killed a phantom
  3532 | D:4      | Reached skill level 6 in Axes
  3532 | D:4      | Reached XP level 6. HP: 43/55 MP: 5/5
  3927 | D:5      | Entered Level 5 of the Dungeon
  3927 | D:5      | Noticed Grinder
  3932 | D:5      | Paralysed by Grinder for 5 turns
  3938 | D:5      | Killed Grinder
  3939 | D:5      | Reached skill level 5 in Fighting
  4184 | D:5      | Reached XP level 7. HP: 61/61 MP: 6/6
  4290 | D:5      | Reached skill level 7 in Axes
  4710 | D:5      | Noticed Pikel
  4723 | D:5      | Killed Pikel
  4724 | D:5      | Reached skill level 8 in Axes
  4724 | D:5      | Reached skill level 5 in Armour
  4724 | D:5      | Reached XP level 8. HP: 70/70 MP: 7/7
  5298 | D:6      | Reached skill level 9 in Axes
  5330 | D:6      | Found a staircase to the Ecumenical Temple.
  5478 | D:6      | Reached XP level 9. HP: 78/78 MP: 8/8
  5676 | D:6      | Found an iron altar of Okawaru.
  5676 | D:6      | Found a glowing silver altar of Zin.
  5894 | D:6      | Reached *** piety under Trog
  5897 | D:6      | Reached skill level 10 in Axes
  6138 | D:6      | Found Cave's General Store.
  6141 | D:6      | Bought a potion of haste for 110 gold pieces
  6141 | D:6      | Bought a scroll of vulnerability for 82 gold pieces
  6568 | D:7      | Found Ceato's Antique Armour Shoppe.
  6572 | D:7      | Reached skill level 5 in Dodging
  6915 | D:7      | Found a shadowy altar of Dithmenos.
  6943 | D:7      | Found Waaklait's General Store.
  6951 | D:7      | Bought a scroll of identify for 26 gold pieces
  6964 | D:7      | Found Jitig's Antique Armour Shop.
  7105 | D:7      | Found a burning altar of Makhleb.
  7140 | D:7      | Found Vynowu's Book Boutique.
  7155 | D:7      | Found a broken altar of Ashenzari.
  7663 | D:8      | Reached skill level 11 in Axes
  7777 | D:8      | Reached skill level 1 in Shields
  7872 | D:8      | Noticed a two-headed ogre
  7877 | D:8      | Killed a two-headed ogre
  7878 | D:8      | Reached XP level 10. HP: 60/88 MP: 9/9
  8080 | D:8      | Reached skill level 12 in Axes
  8232 | D:8      | Found a staircase to the Lair.
  8278 | D:8      | Reached **** piety under Trog
  8282 | D:8      | Noticed Erica
  8684 | D:8      | Killed Erica
  9158 | D:9      | Noticed a tengu warrior
  9159 | D:9      | Noticed a boulder beetle
  9162 | D:9      | Reached skill level 13 in Axes
  9166 | D:9      | Killed a tengu warrior
  9166 | D:9      | Noticed a wizard
  9167 | D:9      | Reached skill level 10 in Armour
  9169 | D:9      | Slain by a freezing wraith

Illustrated notes

Levels and vault maps discovered:
D:1:      dpeg_arrival_radiant, layout_loops_corners
D:2:      minmay_spotlight, layout_basic, shapermc_ecumenical_altar_hornbeckon,
          serial_glass, glass_columns_a, glass_columns_b, grunt_ministairs_6
D:3:      layout_rooms, kennysheep_generic_room_9
D:4:      layout_basic, nicolae_sif_muna_little_library
D:5:      layout_loops_corners, uniq_grinder, uniq_pikel
D:6:      layout_loops_corners, gammafunk_temple_overflow_statue,
          minmay_temple_entry_gardened_gates, serial_shops,
          nicolae_shop_behind_doors, nicolae_water_bricks, grunt_ministairs_2
D:7:      layout_gridville, ashenzari_altar_1, makhleb_grotto_becter,
          nicolae_dithmenos_the_darkroom, serial_shops,
          nicolae_shop_statue_plus, shop, nicolae_shop_waterfront, shop,
          kb_lookout_dungeons_type
D:8:      layout_gridville, dpeg_oklobed_lair, minmay_hedge_maze,
          item_on_display_a, uniq_erica
D:9:      minmay_the_grid_triangle_9x9_recursive_2_mashed
          [minmay_the_grid_triangle_9x9_prize_top_heavy,
          minmay_the_grid_triangle_9x9_subtriangle,
          minmay_the_grid_triangle_9x9_cache,
          minmay_the_grid_triangle_9x9_flanged_cone], layout_basic,
          nicolae_hepliaklqana_ecumenical_no_more

Skill      XL: |  1  2  3  4  5  6  7  8  9 10 |
---------------+-------------------------------+-----
Axes           | 4 5 6 8 9 11 13 | 13.2
Fighting       | 4 5 6 8 9 |  9.1
Dodging        | 3 4 5 |  5.5
Stealth        | 1 2 3 |  3.2
Armour         | 3 5 6 8 10 | 10.0
Shields        | 1 2 |  2.9

Action                   |  1- 3 |  4- 6 |  7- 9 | 10-12 || total
-------------------------+-------+-------+-------+-------++-------
Melee: Hand axe          |    69 |    59 |    91 |       ||   219
       Headbutt          |    10 |     8 |    35 |     9 ||    62
       Battleaxe         |       |       |    94 |    63 ||   157
Invok: Berserk           |       |     3 |     5 |     3 ||    11
  Use: Scroll            |       |     3 |     5 |     1 ||     9
       Potion            |       |       |       |     1 ||     1
 Stab: Sleeping          |     2 |     2 |       |       ||     4
Armor: Animal skin       |     8 |     4 |       |       ||    12
       Chain mail        |       |    13 |    84 |    21 ||   118
Dodge: Dodged            |    44 |    40 |    86 |    29 ||   199
Block: Other             |       |       |    17 |    16 ||    33
       Reflection        |       |       |     4 |       ||     4

Table legend: (Time is in decaauts)
 A = Elapsed time spent in this place.
 B = Non-inter-level travel time spent in this place.
 C = Inter-level travel time spent in this place.
 D = Time resting spent in this place.
 E = Time spent auto-exploring this place.
 F = Levels seen in this place.
 G = Mean time per level.
                   A        B        C        D        E       F      G
               +--------+--------+--------+--------+--------+-----+--------+
         Total |   9296 |   9107 |    189 |   1236 |   6955 |   9 | 1032.9 |
       Dungeon |   9296 |   9107 |    189 |   1236 |   6955 |   9 | 1032.9 |
               +--------+--------+--------+--------+--------+-----+--------+

Top non-repeatable levels by time:
     D:8: 1480 daAuts
     D:7: 1289 daAuts
     D:1: 1219 daAuts
     D:2: 1165 daAuts
     D:6: 1150 daAuts
     D:5: 1120 daAuts
     D:4: 960 daAuts
     D:3: 826 daAuts
     D:9: 84 daAuts
